 Dungeon Crawl Stone Soup version 0.27-a0-46-g34d46f0a3f (webtiles) character file.

Game seed: 18413681237449224050

133365 robertstho the Thaumaturge (level 17, -17/131 HPs)
             Began as a Gnoll Ice Elementalist on Jan 5, 2021.
             Was an Elder of Sif Muna.
             Shot with an arrow by a deep elf master archer (32 damage)
             ... on level 3 of the Elven Halls on Jan 6, 2021.
             The game lasted 01:47:58 (41241 turns).

robertstho the Thaumaturge (GnIE)                  Turns: 41241, Time: 01:47:59

Health: -17/131    AC: 17    Str: 13    XL:     17   Next: 14%
Magic:  23/51      EV: 22    Int: 28    God:    Sif Muna [****..]
Gold:   925        SH:  5    Dex: 19    Spells: 2/40 levels left

rFire    + + +     SeeInvis +   w - +4 quarterstaff "Minehu" {freeze, rF++ Int+5 Stlth-}
rCold    . . .     Faith    .   (shield currently unavailable)
rNeg     + . .     Spirit   .   R - +1 robe "Vietom Qaih" {rElec Str+3}
rPois    .         Reflect  +   h - +2 helmet {SInv}
rElec    +         Harm     .   m - +2 cloak
rCorr    .         Rampage  .   z - +1 pair of gloves {Dex+3}
Will     +....                  j - +2 pair of boots
Stlth    +++++.....             Q - amulet of reflection
HPRegen  0.31/turn              B - ring of magical power
MPRegen  0.32/turn              n - ring "Maribya" {+Blink rF+++ rN+ MP+9 Str-2 Stlth+}

@: no status effects
A: distributed training, fangs 1, strong nose
a: Renounce Religion, Evoke Blink, Channel Magic, Forget Spell, Divine Exegesis


You were on level 3 of the Elven Halls.
You worshipped Sif Muna.
Sif Muna was greatly pleased with you.
You visited 5 branches of the dungeon, and saw 27 of its levels.
You visited the Abyss 1 time.
You visited 1 bazaar.
You also visited: Bailey and Gauntlet.

You collected 3586 gold pieces.
You spent 2661 gold pieces at shops.

Inventory:

Hand Weapons
 w - the +4 quarterstaff "Minehu" (weapon) {freeze, rF++ Int+5 Stlth-}
   (You found it on level 4 of the Dungeon)

   It has been specially enchanted to freeze those struck by it, causing extra
   injury to most foes and up to half again as much damage against particularly
   susceptible opponents.
   It can also slow down cold-blooded creatures.
   It affects your intelligence (+5).
   It greatly protects you from fire.
   It makes you less stealthy.
Armour
 h - a +2 helmet of see invisible (worn)
 j - a +2 pair of boots (worn)
 m - a +2 cloak (worn)
 t - +0 swamp dragon scales
 z - a +1 pair of gloves of dexterity (worn)
 R - the +1 robe "Vietom Qaih" (worn) {rElec Str+3}
   (You found it on level 12 of the Dungeon)

   It affects your strength (+3).
   It insulates you from electricity.
 Z - a +1 robe of cold resistance
Jewellery
 n - the ring "Maribya" (right hand) {+Blink rF+++ rN+ MP+9 Str-2 Stlth+}
   (You bought it in a shop on level 1 of the Orcish Mines)

   [ring of positive energy]

   It affects your strength (-2).
   It renders you almost immune to fire.
   It protects you from negative energy.
   It affects your magic capacity (+9).
   It lets you blink.
   It makes you more stealthy.
 u - an uncursed ring of ice
 v - an uncursed amulet of regeneration
 B - a ring of magical power (left hand)
 C - an uncursed ring of wizardry
 E - an uncursed ring of flight
 Q - an amulet of reflection (around neck)
 S - an uncursed ring of ice
 V - an uncursed ring of resist corrosion
Wands
 a - a wand of iceblast (24)
 c - a wand of acid (11)
 F - a wand of digging (13)
 T - a wand of disintegration (19)
Scrolls
 e - a scroll of brand weapon
 i - a scroll of fear
 o - 14 scrolls of remove curse
 p - 7 scrolls of immolation
 r - 7 scrolls of enchant weapon
 x - 2 scrolls of silence
 y - 2 scrolls of vulnerability
 A - 3 scrolls of magic mapping
 D - 6 scrolls of fog
 H - a scroll of holy word
 K - a scroll of blinking
 L - 8 scrolls of enchant armour
 O - a scroll of teleportation
 Y - a scroll of summoning
Potions
 f - 3 potions of flight
 g - 17 potions of curing
 k - 3 potions of might
 l - 7 potions of mutation
 q - 6 potions of brilliance
 s - 3 potions of magic
 G - a potion of cancellation {unknown}
 I - 2 potions of ambrosia
 J - 2 potions of haste
 U - 2 potions of berserk rage
Miscellaneous
 b - a lightning rod (4/4)
 d - a box of beasts
 M - a tin of tremorstones (2/2)
 N - a phantom mirror
 P - a condenser vane
 X - a lightning rod (4/4)


   Skills:
 + Level 11.3 Fighting
 + Level 11.3 Short Blades
 + Level 11.3 Long Blades
 + Level 11.3 Axes
 + Level 11.3 Maces & Flails
 + Level 11.3 Polearms
 + Level 11.3 Staves
 + Level 11.3 Slings
 + Level 11.3 Bows
 + Level 11.3 Crossbows
 + Level 11.3 Throwing
 + Level 11.3 Armour
 + Level 12.1 Dodging
 + Level 12.0 Stealth
 + Level 11.3 Shields
 + Level 11.3 Unarmed Combat
 + Level 12.2 Spellcasting
 + Level 9.6 Conjurations
 + Level 9.6 Hexes
 + Level 9.6 Summonings
 + Level 9.6 Necromancy
 + Level 9.6 Translocations
 + Level 9.6 Transmutations
 + Level 9.6 Fire Magic
 + Level 11.7 Ice Magic
 + Level 9.6 Air Magic
 + Level 9.6 Earth Magic
 + Level 9.6 Poison Magic
 + Level 12.2 Invocations
 + Level 11.3 Evocations


You had 2 spell levels left.
You knew the following spells:

 Your Spells              Type           Power        Failure   Level
a - Freeze                Ice            100%         1%          1
b - Frozen Ramparts       Ice            100%         1%          3
c - Ozocubu's Armour      Ice            70%          1%          3
d - Hailstorm             Conj/Ice       67%          1%          4
e - Summon Ice Beast      Ice/Summ       67%          1%          4
f - Summon Lightning Spi  Summ/Air       63%          1%          4
g - Apportation           Tloc           100%         1%          1
h - Swiftness             Air            63%          1%          2
i - Bolt of Magma         Conj/Fire/Erth 31%          1%          5
j - Iron Shot             Conj/Erth      31%          10%         6
k - Summon Mana Viper     Hex/Summ       63%          1%          5

Your spell library contained the following spells:

 Spells                   Type           Power        Failure   Level
 Animate Skeleton         Necr           100%         1%          1
 Beastly Appendage        Tmut           100%         1%          1
 Corona                   Hex            70%          1%          1
 Magic Dart               Conj           100%         1%          1
 Pain                     Necr           100%         1%          1
 Sandblast                Erth           100%         1%          1
 Shock                    Conj/Air       100%         1%          1
 Summon Small Mammal      Summ           100%         1%          1
 Blink                    Tloc           N/A          1%          2
 Call Imp                 Summ           63%          1%          2
 Corpse Rot               Necr/Air       N/A          1%          2
 Ensorcelled Hibernation  Hex/Ice        100%         1%          2
 Slow                     Hex            63%          1%          2
 Wereblood                Tmut           63%          1%          2
 Call Canine Familiar     Summ           63%          1%          3
 Confusing Touch          Hex            63%          1%          3
 Conjure Flame            Conj/Fire      63%          1%          3
 Dazzling Flash           Conj/Hex       100%         1%          3
 Inner Flame              Hex/Fire       63%          1%          3
 Mephitic Cloud           Conj/Pois/Air  63%          1%          3
 Portal Projectile        Hex/Tloc       100%         1%          3
 Spider Form              Tmut/Pois      31%          1%          3
 Static Discharge         Conj/Air       63%          1%          3
 Summon Guardian Golem    Hex/Summ       63%          1%          3
 Teleport Other           Tloc           63%          1%          3
 Tukima's Dance           Hex            63%          1%          3
 Vampiric Draining        Necr           31%          1%          3
 Airstrike                Air            31%          1%          4
 Animate Dead             Necr           31%          1%          4
 Cause Fear               Hex            31%          1%          4
 Ice Form                 Ice/Tmut       67%          1%          4
 Iskenderun's Mystic Bla  Conj/Tloc      63%          1%          4
 Leda's Liquefaction      Hex/Erth       31%          1%          4
 Passage of Golubria      Tloc           N/A          1%          4
 Agony                    Necr           63%          1%          5
 Blade Hands              Tmut           31%          1%          5
 Borgnjor's Vile Clutch   Necr/Erth      31%          1%          5
 Irradiate                Conj/Tmut      31%          1%          5
 Iskenderun's Battlesphe  Conj           63%          1%          5
 Lee's Rapid Deconstruct  Erth           31%          1%          5
 Lightning Bolt           Conj/Air       31%          1%          5
 Silence                  Hex/Air        31%          1%          5
 Yara's Violent Unravell  Hex/Tmut       31%          1%          5
 Hydra Form               Tmut           31%          10%         6
 Statue Form              Tmut/Erth      42%          10%         6
 Dragon Form              Tmut           31%          45%         7
 Haunt                    Necr/Summ      31%          45%         7
 Monstrous Menagerie      Summ           31%          45%         7
 Orb of Destruction       Conj           31%          45%         7
 Spellforged Servitor     Conj/Summ      31%          45%         7
 Summon Greater Demon     Summ           31%          45%         7
 Summon Hydra             Summ           31%          45%         7
 Chain Lightning          Conj/Air       31%          99%         8
 Discord                  Hex            31%          99%         8
 Lehudib's Crystal Spear  Conj/Erth      31%          99%         8
 Dragon's Call            Summ           31%          100%        9


Dungeon Overview and Level Annotations

Branches:
Dungeon (15/15)            Temple (1/1) D:4            Lair (6/6) D:10
 Shoals (0/4) Lair:4        Snake (0/4) Lair:2        Slime (0/5) Lair:5
    Orc (2/2) D:12            Elf (3/3) Orc:2        Vaults (0/5) D:14
 Depths (0/5) D:15         Bailey (visited)         Gauntlet (visited)

Altars:
Ashenzari
Cheibriados
Dithmenos
Fedhas
Gozag
Hepliaklqana
Kikubaaqudgha
Makhleb
Nemelex Xobeh
Okawaru
Qazlal
Sif Muna
Trog
Vehumet
Xom
Zin
The Shining One
Beogh
Jiyva

Shops:
D:9 (   Orc:1 =   Orc:2 *[(!   Elf:1 ((

Portals:
Trove: D:15 (give +3 storm dragon scales)

Annotations:
Elf:2 1 runed translucent door


Innate Abilities, Weirdness & Mutations

Your experience applies equally to all skills.
You have very sharp teeth.
Your uncanny sense of smell can sniff out nearby items.


Message History

The deep elf master archer shoots an arrow.
The arrow hits your lightning spire!!
Your lightning spire is destroyed!
The ghostly deep elf mage casts a spell at your mana viper.
The lance of force hits your mana viper!!
Your mana viper is knocked back by the lance of force.
Your mana viper slams into the rock wall!
The deep elf master archer shoots an arrow.
The arrow hits you!!
* * * LOW HITPOINT WARNING * * *
The deep elf master archer shoots an arrow.
The arrow misses you. The arrow hits your mana viper!!
Unknown command.
You feel better.
The deep elf master archer shoots an arrow.
The arrow hits your mana viper!!
Your mana viper dies!
The deep elf master archer shoots an arrow.
The arrow hits you!!
You die...

#8# ....# #<#
#.#..# ∆ ..##
#.#..# #
...###.#..# .#
)......#..# ##
[§.e#.e#..# ##..
E)...e....# ####..
.(.#S..#..#####...#
[!.EEE.....*e))(@(#
#####e......e.eS..#
####...#####.##
.....8.......##.#
############.##.#
#..... ######


You could see a deep elf master archer, a deep elf annihilator, a ghostly deep
elf mage, a battlesphere and a friendly mana viper (summoned).

Vanquished Creatures
  Jorgrun (D:15)
  A deep elf sorcerer (Elf:3)
  A deep elf elementalist (Elf:3)
  A deep elf demonologist (Elf:2)
  A minotaur (Gauntlet)
  A yaktaur captain (D:15)
  2 deep elf high priests (Elf:3)
  Harold (D:9)
  A hydra (D:13)
  A catoblepas (Lair:6)
  2 centaur warriors
  31 dancing weapons
  2 death yaks (Lair:6)
  8 two-headed ogres
  3 orc high priests (Orc:2)
  A shock serpent (shapeshifter) (D:15)
  11 deep elf knights
  A fire crab (shapeshifter) (D:15)
  A wretched star (Gauntlet)
  4 deep elf archers
  An orc knight (Orc:1)
  33 deep elf magi
  An orc sorcerer (Orc:1)
  11 ugly things
  A cyclops (D:15)
  2 manticores (D:10)
  5 elephants
  A centaur zombie (D:13)
  A cane toad (Lair:4)
  2 gargoyles
  Maggie (D:7)
  2 kobold demonologists
  A komodo dragon (D:15)
  2 centaur skeletons (D:14)
  A rime drake (Lair:6)
  2 trolls
  A merfolk (D:10)
  2 starcursed masses (Abyss:1)
  2 air elementals (Elf:1)
  A shadow (D:15)
  3 water elementals
  6 wyverns
  A centaur simulacrum (Gauntlet)
  A ynoxinul (Gauntlet)
  A basilisk (Lair:3)
  30 yaks
  A steam dragon (D:11)
  2 fire elementals (Elf:1)
  A neqoxec (Abyss:1)
  6 wargs
  A naga (shapeshifter) (Elf:2)
  2 water moccasins (Lair:3)
  A meliai simulacrum (Gauntlet)
  6 black bears
  An ice dragon simulacrum (Gauntlet)
  20 orc warriors
  2 ice beasts
  2 phantoms
  5 sky beasts
  4 ogres
  2 wolves (Lair:4)
  16 centaurs
  6 big kobolds
  7 bullfrogs
  A gnoll sergeant (Orc:1)
  2 scorpions
  9 killer bees
  13 wights
  An electric eel (Lair:4)
  5 howler monkeys
  3 bullfrog zombies
  3 jellies
  7 hounds
  6 bullfrog skeletons
  A gnoll shaman (D:10)
  27 orc priests
  14 orc wizards
  Crazy Yiuf (D:5)
  2 iron imps (Gauntlet)
  4 iguanas
  7 worker ants
  A killer bee zombie (D:6)
  2 hound zombies
  2 hound skeletons
  17 adders
  2 gnolls (Orc:1)
  2 shadow imps
  6 white imps
  An ufetubus (D:9)
  An adder skeleton (D:8)
  3 adder zombies
  4 worms
  A dart slug (D:2)
  12 leopard geckos
  85 orcs
  3 ball pythons
  2 giant cockroaches (D:4)
  9 goblins
  13 hobgoblins
  12 jackals
  3 quokkas
  16 bats
  7 frilled lizards
  A giant cockroach zombie (D:5)
  A jackal skeleton (D:6)
  18 kobolds
  A leopard gecko skeleton (D:4)
  A quokka skeleton (D:9)
  11 rats
  A river rat simulacrum (Lair:2)
619 creatures vanquished.

Vanquished Creatures (collateral kills)
  Frances (D:14)
  3 deep elf elementalists
  2 deep elf annihilators (Elf:1)
  A deep elf demonologist (Elf:3)
  A deep elf death mage (Elf:3)
  Fannar (Lair:2)
  A deep elf high priest (Elf:3)
  2 catoblepae (Lair:6)
  A rakshasa (D:13)
  2 boulder beetles
  7 hydras
  5 centaur warriors
  Erica (Lair:2)
  10 two-headed ogres
  2 tengu warriors
  5 death yaks (Lair:6)
  An orc high priest (Orc:2)
  Sonja (Lair:6)
  3 deep elf knights
  A skeletal warrior (D:14)
  A wizard (D:14)
  3 deep elf archers (Elf:1)
  4 orc knights
  A necromancer (Lair:2)
  An orc sorcerer (Orc:1)
  11 deep elf magi
  13 ugly things
  2 manticores (Lair:6)
  A cyclops (D:14)
  4 will-o-the-wisps (Lair:4)
  16 elephants
  2 black mambas
  Maurice (Orc:2)
  5 cane toads
  A gargoyle (D:15)
  A centaur skeleton (D:14)
  A kobold demonologist (D:14)
  2 rime drakes
  6 komodo dragons
  2 yaktaurs (D:15)
  2 trolls
  A tengu conjurer (D:13)
  A meliai (shapeshifter) (D:14)
  5 slime creatures (D:14)
  15 blink frogs
  5 dream sheep (Lair:6)
  A meliai zombie (D:13)
  2 vampires
  36 yaks
  8 wyverns
  2 golden eyes (shapeshifter)
  4 basilisks
  4 wargs
  5 vampire mosquitoes (Lair:4)
  2 acid dragons
  17 water moccasins
  3 nagas (Lair:2)
  18 orc warriors
  3 black bears (D:10)
  An eye of draining (D:13)
  10 wolves
  A necrophage (D:7)
  7 ogres
  10 centaurs
  4 big kobolds (D:14)
  10 bullfrogs
  2 gnoll sergeants
  2 wyvern skeletons
  2 scorpions
  A water moccasin skeleton (D:10)
  3 wights
  A howler monkey (D:10)
  10 electric eels (D:10)
  10 orc priests
  A hound (D:13)
  A jelly (D:14)
  2 bullfrog skeletons
  7 orc wizards
  An iron imp (Gauntlet)
  4 worker ants
  A yak simulacrum (Lair:2)
  2 polar bear simulacra (Lair:2)
  3 wolf simulacra (Lair:2)
  An adder (D:12)
  6 gnolls
  36 orcs
  A goblin (Orc:1)
  5 kobolds (D:14)
  4 river rat simulacra (Lair:2)
412 creatures vanquished.

Vanquished Creatures (others)
  A deep elf mage (Elf:1)
  A centaur zombie (D:15)
  A neqoxec (Gauntlet)
  A soldier ant (D:14)
  78 foxfires (Lair:4)
  38 fungi
  90 plants
210 creatures vanquished.

Grand Total: 1241 creatures vanquished

Notes
Turn   | Place    | Note
-------+----------+-------------------------------------------
     0 | D:1      | robertstho the Gnoll Ice Elementalist began the quest for
                  | the Orb.
     0 | D:1      | Reached XP level 1. HP: 13/13 MP: 6/6
   231 | D:1      | Reached XP level 2. HP: 19/19 MP: 7/7
   986 | D:2      | Reached skill level 5 in Spellcasting
   986 | D:2      | Reached XP level 3. HP: 25/25 MP: 7/9
  1006 | D:2      | Reached skill level 1 in Invocations
  1112 | D:2      | Learned a level 3 spell: Frozen Ramparts
  1116 | D:2      | Learned a level 3 spell: Ozocubu's Armour
  1402 | D:2      | Reached skill level 1 in Fighting
  1402 | D:2      | Reached skill level 1 in Short Blades
  1402 | D:2      | Reached skill level 1 in Long Blades
  1402 | D:2      | Reached skill level 1 in Axes
  1402 | D:2      | Reached skill level 1 in Maces & Flails
  1402 | D:2      | Reached skill level 1 in Polearms
  1402 | D:2      | Reached skill level 1 in Staves
  1402 | D:2      | Reached skill level 1 in Slings
  1402 | D:2      | Reached skill level 1 in Bows
  1402 | D:2      | Reached skill level 1 in Crossbows
  1402 | D:2      | Reached skill level 1 in Throwing
  1402 | D:2      | Reached skill level 1 in Armour
  1402 | D:2      | Reached skill level 1 in Shields
  1402 | D:2      | Reached skill level 1 in Unarmed Combat
  1402 | D:2      | Reached skill level 1 in Evocations
  1438 | D:2      | Reached XP level 4. HP: 19/32 MP: 11/11
  1930 | D:3      | Reached skill level 1 in Conjurations
  1930 | D:3      | Reached skill level 1 in Hexes
  1930 | D:3      | Reached skill level 1 in Summonings
  1930 | D:3      | Reached skill level 1 in Necromancy
  1930 | D:3      | Reached skill level 1 in Translocations
  1930 | D:3      | Reached skill level 1 in Transmutations
  1930 | D:3      | Reached skill level 1 in Fire Magic
  1930 | D:3      | Reached skill level 1 in Air Magic
  1930 | D:3      | Reached skill level 1 in Earth Magic
  1930 | D:3      | Reached skill level 1 in Poison Magic
  2163 | D:3      | Reached XP level 5. HP: 37/37 MP: 8/12
  3341 | D:4      | Found a staircase to the Ecumenical Temple.
  3355 | D:4      | Found a shadowy altar of Dithmenos.
  3368 | Temple   | Entered the Ecumenical Temple
  3376 | Temple   | Became a worshipper of Sif Muna the Loreminder
  3408 | D:4      | Got an iridescent quarterstaff
  3411 | D:4      | Identified the +4 quarterstaff "Minehu" {freeze, rF++ Int+5
                  | Stlth-} (You found it on level 4 of the Dungeon)
  3594 | D:4      | Reached XP level 6. HP: 21/44 MP: 9/13
  3878 | D:4      | Noticed a phantom
  3910 | D:4      | Killed a phantom
  3911 | D:4      | Reached skill level 5 in Dodging
  3916 | D:4      | Learned a level 4 spell: Hailstorm
  3921 | D:4      | Learned a level 4 spell: Summon Ice Beast
  4163 | D:5      | Entered Level 5 of the Dungeon
  4252 | D:5      | Reached XP level 7. HP: 46/50 MP: 15/15
  4418 | D:5      | Reached * piety under Sif Muna
  4639 | D:5      | Found a runed translucent door.
  4640 | D:5      | Noticed Crazy Yiuf
  4838 | D:5      | Reached skill level 5 in Stealth
  5427 | D:5      | Killed Crazy Yiuf
  5507 | D:6      | Reached XP level 8. HP: 57/57 MP: 12/16
  5519 | D:6      | Got a twisted trident
  5520 | D:6      | Identified the +4 trident of Plog {distort, Dex+6} (You
                  | found it on level 6 of the Dungeon)
  5521 | D:6      | Cast into level 1 of the Abyss (unwielding a weapon of
                  | distortion)
  5621 | Abyss:1  | Noticed an ancient zyme
  5625 | Abyss:1  | Noticed a starcursed mass
  5627 | Abyss:1  | Noticed a raiju
  5650 | Abyss:1  | Killed a starcursed mass
  5656 | Abyss:1  | Killed a starcursed mass
  5664 | D:6      | Escaped the Abyss
  5960 | D:6      | Reached XP level 9. HP: 37/65 MP: 14/18
  6681 | D:6      | Found a shimmering altar of Xom.
  6682 | D:6      | Found a shimmering altar of Xom.
  6682 | D:6      | Found a shimmering altar of Xom.
  6684 | D:6      | Found a shimmering altar of Xom.
  6684 | D:6      | Found a shimmering altar of Xom.
  6939 | D:7      | Noticed Maggie
  6950 | D:7      | Killed Maggie
  7090 | D:7      | Found a stormy altar of Qazlal.
  7221 | D:7      | Reached ** piety under Sif Muna
  7487 | D:7      | Found a bloodstained altar of Trog.
  7965 | D:8      | Found a shimmering altar of Xom.
  8117 | D:8      | Found a burning altar of Makhleb.
  8308 | D:8      | Found a hazy altar of Hepliaklqana.
  8352 | D:9      | Reached *** piety under Sif Muna
  8353 | D:9      | Reached skill level 5 in Invocations
  8455 | D:9      | Noticed a two-headed ogre
  8458 | D:9      | Noticed a two-headed ogre
  8462 | D:9      | Killed a two-headed ogre
  8463 | D:9      | Reached skill level 5 in Fighting
  8463 | D:9      | Reached skill level 5 in Short Blades
  8463 | D:9      | Reached skill level 5 in Long Blades
  8463 | D:9      | Reached skill level 5 in Axes
  8463 | D:9      | Reached skill level 5 in Maces & Flails
  8463 | D:9      | Reached skill level 5 in Polearms
  8463 | D:9      | Reached skill level 5 in Staves
  8463 | D:9      | Reached skill level 5 in Slings
  8463 | D:9      | Reached skill level 5 in Bows
  8463 | D:9      | Reached skill level 5 in Crossbows
  8463 | D:9      | Reached skill level 5 in Throwing
  8463 | D:9      | Reached skill level 5 in Armour
  8463 | D:9      | Reached skill level 5 in Shields
  8463 | D:9      | Reached skill level 5 in Unarmed Combat
  8463 | D:9      | Reached skill level 5 in Evocations
  8463 | D:9      | Reached XP level 10. HP: 66/74 MP: 9/20
  8464 | D:9      | Killed a two-headed ogre
  8937 | D:9      | Noticed Harold
  9019 | D:9      | Killed Harold
  9161 | D:9      | Found a sparkling altar of Nemelex Xobeh.
  9182 | D:9      | Found Wanlir's Antique Weapon Boutique.
  9259 | D:9      | Reached XP level 11. HP: 80/81 MP: 22/22
  9265 | D:9      | Upgraded the game from 0.27-a0-40-g5f2be0e231 to
                  | 0.27-a0-46-g34d46f0a3f
  9467 | D:9      | Noticed a two-headed ogre
  9476 | D:9      | Killed a two-headed ogre
  9640 | D:10     | Entered Level 10 of the Dungeon
  9654 | D:10     | Reached skill level 5 in Conjurations
  9654 | D:10     | Reached skill level 5 in Hexes
  9654 | D:10     | Reached skill level 5 in Summonings
  9654 | D:10     | Reached skill level 5 in Necromancy
  9654 | D:10     | Reached skill level 5 in Translocations
  9654 | D:10     | Reached skill level 5 in Transmutations
  9654 | D:10     | Reached skill level 5 in Fire Magic
  9654 | D:10     | Reached skill level 5 in Air Magic
  9654 | D:10     | Reached skill level 5 in Earth Magic
  9654 | D:10     | Reached skill level 5 in Poison Magic
 10620 | D:10     | Noticed a two-headed ogre
 10626 | D:10     | Reached **** piety under Sif Muna
 10626 | D:10     | Noticed a two-headed ogre
 10631 | D:10     | Killed a two-headed ogre
 10631 | D:10     | Killed a two-headed ogre
 11082 | D:10     | Noticed a manticore
 11087 | D:10     | Killed a manticore
 11608 | D:10     | Noticed a two-headed ogre
 11615 | D:10     | Killed a two-headed ogre
 12232 | D:10     | Noticed a manticore
 12241 | D:10     | Killed a manticore
 12432 | D:10     | Found a radiant altar of Vehumet.
 12438 | D:10     | Found a staircase to the Lair.
 12933 | D:11     | Noticed a brown ugly thing
 13080 | D:11     | Reached XP level 12. HP: 81/89 MP: 10/24
 13428 | D:11     | Noticed a two-headed ogre
 13437 | D:11     | Killed a two-headed ogre
 13512 | D:11     | Reached ***** piety under Sif Muna
 13512 | D:11     | Identified Ronustam's Papyrus of Entrancing Companions (Sif
                  | Muna gifted it to you on level 11 of the Dungeon)
 13512 | D:11     | Received a gift from Sif Muna
 14119 | D:12     | Learned a level 4 spell: Summon Lightning Spire
 14287 | D:12     | Got an ominously black robe
 14297 | D:12     | Identified the +1 robe "Vietom Qaih" {rElec Str+3} (You
                  | found it on level 12 of the Dungeon)
 14314 | D:12     | Noticed a two-headed ogre
 14320 | D:12     | Killed a two-headed ogre
 14400 | D:12     | Noticed a two-headed ogre
 14407 | D:12     | Killed a two-headed ogre
 14610 | D:12     | Found a staircase to the Orcish Mines.
 15007 | D:12     | Noticed a two-headed ogre
 15016 | D:12     | Killed a two-headed ogre
 15954 | D:13     | Noticed a tengu warrior
 15969 | D:13     | Killed a tengu warrior
 16098 | D:13     | Noticed a four-headed hydra
 16117 | D:13     | Killed a four-headed hydra
 16353 | D:13     | Noticed a rakshasa
 16370 | D:13     | Killed a rakshasa
 16522 | D:13     | Noticed a two-headed ogre
 16528 | D:13     | Killed a two-headed ogre
 16777 | D:13     | Found a roughly hewn altar of Beogh.
 16784 | D:13     | Reached XP level 13. HP: 84/98 MP: 20/26
 17039 | D:14     | Noticed Frances
 17060 | D:14     | Killed Frances
 18225 | D:14     | Identified Sif Muna's Catalogue of Creative Black Magic
                  | (Sif Muna gifted it to you on level 14 of the Dungeon)
 18225 | D:14     | Received a gift from Sif Muna
 18246 | D:14     | Found a gate to the Vaults.
 18525 | D:14     | Reached skill level 10 in Ice Magic
 18938 | D:14     | Paralysed by a wizard for 4 turns
 19410 | D:14     | You fall into a shaft and drop 1 floor!
 19410 | D:15     | Entered Level 15 of the Dungeon
 19613 | D:15     | Reached skill level 10 in Spellcasting
 19839 | D:15     | Found a portal to a secret trove of treasure.
 19893 | D:15     | Noticed Jorgrun
 19926 | D:15     | Killed Jorgrun
 19927 | D:15     | Reached XP level 14. HP: 40/106 MP: 16/28
 20154 | D:15     | Reached skill level 10 in Dodging
 20874 | D:15     | Found a staircase to the Depths.
 20883 | D:15     | Reached skill level 10 in Stealth
 21637 | Lair:1   | Entered Level 1 of the Lair of Beasts
 22094 | Lair:1   | Reached skill level 10 in Invocations
 23011 | Lair:2   | Noticed Fannar
 23045 | Lair:2   | Killed Fannar
 23240 | Lair:2   | Found a staircase to the Snake Pit.
 23657 | Lair:2   | Noticed Erica
 23665 | Lair:2   | Killed Erica
 24236 | Lair:2   | Received a gift from Sif Muna
 24490 | Lair:3   | Found a gate leading to a gauntlet.
 24499 | Gauntlet | Entered a Gauntlet
 24499 | Gauntlet | Found a large runed translucent door.
 24499 | Gauntlet | Found a large runed translucent door.
 24499 | Gauntlet | Found a large runed translucent door.
 24499 | Gauntlet | Found a large runed translucent door.
 24499 | Gauntlet | Found a large runed translucent door.
 24499 | Gauntlet | Found a large runed translucent door.
 24499 | Gauntlet | Found a large runed translucent door.
 24499 | Gauntlet | Found a large runed translucent door.
 24499 | Gauntlet | Found a runed translucent door.
 24499 | Gauntlet | Found a runed translucent gate.
 24499 | Gauntlet | Found a transporter.
 24499 | Gauntlet | Found a transporter.
 24499 | Gauntlet | Found a runed translucent gate.
 24499 | Gauntlet | Found a transporter.
 24585 | Gauntlet | Found a transporter.
 24589 | Gauntlet | Found a transporter.
 24599 | Gauntlet | Found a transporter.
 24603 | Gauntlet | Found a transporter.
 24615 | Gauntlet | Found a transporter.
 24635 | Gauntlet | Found a transporter.
 24639 | Gauntlet | Noticed a balrug
 24652 | Gauntlet | Found a transporter.
 24656 | Gauntlet | Found a transporter.
 24668 | Gauntlet | Found a transporter.
 24672 | Gauntlet | Found a runed translucent gate.
 24673 | Gauntlet | Found a large runed translucent door.
 24673 | Gauntlet | Found a large runed translucent door.
 24674 | Gauntlet | Found a large runed translucent door.
 24675 | Gauntlet | Found a large runed translucent door.
 24676 | Gauntlet | Found a large runed translucent door.
 24676 | Gauntlet | Found a large runed translucent door.
 24676 | Gauntlet | Found a runed translucent door.
 24677 | Gauntlet | Found a large runed translucent door.
 24678 | Gauntlet | Found a large runed translucent door.
 24756 | Gauntlet | Learned a level 1 spell: Apportation
 27559 | Lair:4   | Received a gift from Sif Muna
 27655 | Lair:4   | Found a staircase to the Shoals.
 28589 | Lair:5   | Reached XP level 15. HP: 27/115 MP: 3/29
 28906 | Lair:5   | Found a viscous altar of Jiyva.
 28907 | Lair:5   | Found a staircase to the Slime Pits.
 29250 | Lair:6   | Entered Level 6 of the Lair of Beasts
 29493 | Lair:6   | Noticed Sonja
 29507 | Lair:6   | Killed Sonja
 30439 | Lair:6   | Reached skill level 10 in Fighting
 30439 | Lair:6   | Reached skill level 10 in Short Blades
 30439 | Lair:6   | Reached skill level 10 in Long Blades
 30439 | Lair:6   | Reached skill level 10 in Axes
 30439 | Lair:6   | Reached skill level 10 in Maces & Flails
 30439 | Lair:6   | Reached skill level 10 in Polearms
 30439 | Lair:6   | Reached skill level 10 in Staves
 30439 | Lair:6   | Reached skill level 10 in Slings
 30439 | Lair:6   | Reached skill level 10 in Bows
 30439 | Lair:6   | Reached skill level 10 in Crossbows
 30439 | Lair:6   | Reached skill level 10 in Throwing
 30439 | Lair:6   | Reached skill level 10 in Armour
 30439 | Lair:6   | Reached skill level 10 in Shields
 30439 | Lair:6   | Reached skill level 10 in Unarmed Combat
 30439 | Lair:6   | Reached skill level 10 in Evocations
 31017 | Lair:6   | Identified Sif Muna's Collected Works on Aerial Clay (Sif
                  | Muna gifted it to you on level 6 of the Lair of Beasts)
 31017 | Lair:6   | Received a gift from Sif Muna
 31230 | Lair:6   | Got a faintly glowing rapier
 31231 | Lair:6   | Identified the +5 rapier "Sutiurih" {flame, rF+} (You found
                  | it on level 6 of the Lair of Beasts)
 31589 | Orc:1    | Entered Level 1 of the Orcish Mines
 31913 | Orc:1    | Found Saeduxeozy's Jewellery Boutique.
 32069 | Orc:1    | Found a flagged portal.
 32085 | Bailey   | Entered a bailey
 33477 | Orc:2    | Entered Level 2 of the Orcish Mines
 33597 | Orc:2    | Identified Sif Muna's Incunabulum of Ashen Necromancy (Sif
                  | Muna gifted it to you on level 2 of the Orcish Mines)
 33597 | Orc:2    | Received a gift from Sif Muna
 33684 | Orc:2    | Noticed Maurice
 33688 | Orc:2    | Killed Maurice
 33894 | Orc:2    | Found a staircase to the Elven Halls.
 34088 | Orc:2    | Found Paeschicu's Distillery.
 34088 | Orc:2    | Found Xuaroqun's Weapon Shoppe.
 34384 | Orc:2    | Found a roughly hewn altar of Beogh.
 34440 | Orc:2    | Bought 2 potions of curing for 84 gold pieces
 34440 | Orc:2    | Bought a potion of berserk rage for 70 gold pieces
 34440 | Orc:2    | Bought a potion of might for 56 gold pieces
 34440 | Orc:2    | Bought a potion of heal wounds for 70 gold pieces
 34440 | Orc:2    | Bought 2 potions of heal wounds for 140 gold pieces
 34440 | Orc:2    | Bought a potion of heal wounds for 70 gold pieces
 34440 | Orc:2    | Bought a potion of curing for 42 gold pieces
 34440 | Orc:2    | Bought a potion of curing for 42 gold pieces
 34440 | Orc:2    | Bought a potion of curing for 42 gold pieces
 34681 | Orc:2    | Found Tulaopt's Antique Armour Boutique.
 34681 | Orc:2    | Found Jav Sesk's Assorted Antiques.
 34995 | Orc:1    | Bought the ring "Maribya" {+Blink rF+++ rN+ MP+9 Str-2
                  | Stlth+} for 865 gold pieces
 34995 | Orc:1    | Bought an uncursed amulet of reflection for 300 gold pieces
 35093 | Elf:1    | Entered Level 1 of the Elven Halls
 35107 | Elf:1    | Received a gift from Sif Muna
 35298 | Elf:1    | Learned a level 2 spell: Swiftness
 36130 | Elf:1    | Reached XP level 16. HP: 110/123 MP: 31/31
 36500 | Elf:1    | Found a gateway to a bazaar.
 36506 | Bazaar   | Entered a bazaar
 36520 | Bazaar   | Found Rityr's Jewellery Emporium.
 36535 | Bazaar   | Found Raudeclokk's Book Shoppe.
 36535 | Bazaar   | Found Lyfuxkost's Book Emporium.
 36545 | Bazaar   | Bought a book of Power for 495 gold pieces
 36551 | Bazaar   | Learned a level 5 spell: Bolt of Magma
 36558 | Bazaar   | Learned a level 6 spell: Iron Shot
 36569 | Bazaar   | Found Juwnoan's Magic Scroll Emporium.
 36575 | Bazaar   | Bought a scroll of teleportation for 42 gold pieces
 36575 | Bazaar   | Bought a scroll of vulnerability for 105 gold pieces
 36575 | Bazaar   | Bought a scroll of blinking for 105 gold pieces
 36575 | Bazaar   | Bought a scroll of identify for 28 gold pieces
 36575 | Bazaar   | Bought a scroll of enchant armour for 105 gold pieces
 36577 | Bazaar   | Identified a scroll of acquirement
 36579 | Bazaar   | Acquired a +1 pair of gloves of dexterity
 36749 | Elf:1    | Found Oguips's Antique Weapon Shoppe.
 37074 | Elf:1    | Found Xechecrab's Weapon Shoppe.
 38397 | Elf:2    | Found a runed translucent door.
 38612 | Elf:2    | Found a runed translucent door.
 38653 | Elf:2    | Noticed a Tzitzimitl
 40263 | Elf:2    | Identified Qeimuud's Almanac of the Displaced Escort (Sif
                  | Muna gifted it to you on level 2 of the Elven Halls)
 40263 | Elf:2    | Received a gift from Sif Muna
 40695 | Elf:3    | Entered Level 3 of the Elven Halls
 40958 | Elf:3    | Reached XP level 17. HP: 101/131 MP: 33/33
 40978 | Elf:2    | Learned a level 5 spell: Summon Mana Viper
 41221 | Elf:3    | Noticed a deep elf master archer
 41241 | Elf:3    | Shot with an arrow by a deep elf master archer

Illustrated notes

Levels and vault maps discovered:
D:1:      ebering_trefoil_twist, layout_basic
D:2:      layout_basic, minmay_strange_pillars
D:3:      layout_basic
D:4:      layout_cave_pools, minmay_temple_entry_antechambers,
          nicolae_dithmenos_shadow_blocks
D:5:      layout_layer_cave, uniq_crazy_yiuf_cottage
D:6:      layout_gridville, xom_redecorated, serial_rivers,
          chequers_serial_rivers_room_a, chequers_serial_rivers_room_a,
          chequers_serial_rivers_micro_e, chequers_serial_rivers_large_a
D:7:      layout_rooms, basic_altar, kennysheep_minor_cross, roderic_batcave,
          grunt_ministairs_12, trog_book, uniq_maggie
D:8:      layout_basic, makhleb_heckhound_becter, nzn_hepliaklqana_mist_gate,
          basic_altar, minmay_misc_feat_iff
D:9:      layout_basic, nemelex_xobeh_ov_fountains_minmay, serial_shops,
          nicolae_shop_temple_entry_statues_fountains, grunt_ministairs_6,
          uniq_harold
D:10:     kennysheep_town
D:11:     layout_rooms, interstate_on_off, minmay_misc_feat_chi
D:12:     layout_stronghold, erik_orc_4
D:13:     layout_roguey [special_room_orc]
D:14:     layout_gridville, hangedman_vaults_entry_quadrant_bands,
          lemuel_flamethrower_3, uniq_frances
D:15:     grunt_enter_depths_snipers, layout_basic,
          nicolae_trove_entry_free_sample, uniq_jorgrun
Temple:   eino_narrow_crystal_temple
Lair:1:   layout_cave_pods, serial_bayou_crossing
Lair:2:   layout_cave_pods, guppyfry_snake_entry_island, eino_house_with_fridge,
          uniq_erica, uniq_fannar
Lair:3:   layout_gridlike, gauntlet_entry_generic, lemuel_fruit_tree,
          grunt_megastairs_4
Lair:4:   layout_layer_cave, elwin_shoals_entry_rooms, lookout_lair_type, pond,
          grunt_megastairs_1
Lair:5:   layout_misc_corridors, slime_altar_1
Lair:6:   evilmike_catoblepas_cave, layout_cave_shapes, grunt_megastairs_2,
          infiniplex_staircase_pool_2, uniq_sonja
Orc:1:    nicolae_orc_accident_3, layout_diamond_mine, serial_shops,
          shop_fountains, enter_bailey_5
Orc:2:    st_orc_town, layout_diamond_mine, uniq_maurice
Elf:1:    eino_elf_arrival_shootout, layout_geoelf_octagon, serial_shops,
          statue_bzr, shop_statue, shop, hangedman_elven_crosses_minicolossus,
          grunt_ministairs_14
Elf:2:    layout_rooms
Elf:3:    nooodl_elf_gasket, layout_loops_ring, basic_altar,
          einodemon_crawler_minivault

Skill      XL: |  1  2  3  4  5  6  7  8  9 10 11 12 13 14 15 16 17 |
---------------+----------------------------------------------------+-----
Spellcasting   | 5 6 7 8 9 10 11 12 | 12.2
Invocations    | 1 2 3 4 5 6 7 8 9 10 11 12 | 12.2
Fighting       | 1 2 3 5 6 7 8 9 10 11 | 11.3
Short Blades   | 1 2 3 5 6 7 8 9 10 11 | 11.3
Long Blades    | 1 2 3 5 6 7 8 9 10 11 | 11.3
Axes           | 1 2 3 5 6 7 8 9 10 11 | 11.3
Maces & Flails | 1 2 3 5 6 7 8 9 10 11 | 11.3
Polearms       | 1 2 3 5 6 7 8 9 10 11 | 11.3
Staves         | 1 2 3 5 6 7 8 9 10 11 | 11.3
Slings         | 1 2 3 5 6 7 8 9 10 11 | 11.3
Bows           | 1 2 3 5 6 7 8 9 10 11 | 11.3
Crossbows      | 1 2 3 5 6 7 8 9 10 11 | 11.3
Throwing       | 1 2 3 5 6 7 8 9 10 11 | 11.3
Armour         | 1 2 3 5 6 7 8 9 10 11 | 11.3
Shields        | 1 2 3 5 6 7 8 9 10 11 | 11.3
Unarmed Combat | 1 2 3 5 6 7 8 9 10 11 | 11.3
Evocations     | 1 2 3 5 6 7 8 9 10 11 | 11.3
Conjurations   | 1 2 3 4 5 6 7 8 9 |  9.6
Hexes          | 1 2 3 4 5 6 7 8 9 |  9.6
Summonings     | 1 2 3 4 5 6 7 8 9 |  9.6
Necromancy     | 1 2 3 4 5 6 7 8 9 |  9.6
Translocations | 1 2 3 4 5 6 7 8 9 |  9.6
Transmutations | 1 2 3 4 5 6 7 8 9 |  9.6
Fire Magic     | 1 2 3 4 5 6 7 8 9 |  9.6
Air Magic      | 1 2 3 4 5 6 7 8 9 |  9.6
Earth Magic    | 1 2 3 4 5 6 7 8 9 |  9.6
Poison Magic   | 1 2 3 4 5 6 7 8 9 |  9.6
Dodging        | 5 6 7 8 9 10 11 12 | 12.1
Stealth        | 5 6 7 8 9 10 11 12 | 12.0
Ice Magic      | 8 9 10 11 | 11.7

Action                   |  1- 3 |  4- 6 |  7- 9 | 10-12 | 13-15 | 16-18 || total
-------------------------+-------+-------+-------+-------+-------+-------++-------
Melee: Short sword       |    40 |       |       |       |       |       ||    40
       Bite              |     2 |    15 |    18 |    30 |    48 |    16 ||   129
       Great sword       |    40 |    98 |       |       |       |       ||   138
       Quarterstaff      |       |    57 |   204 |   236 |   468 |    93 ||  1058
 Cast: Freeze            |    14 |       |    10 |    12 |     6 |       ||    42
       Frozen Ramparts   |     2 |    10 |    12 |    35 |    12 |       ||    71
       Hailstorm         |       |       |    15 |    51 |   103 |    73 ||   242
       Summon Ice Beast  |       |       |    12 |   154 |   333 |     6 ||   505
       Summon Lightning  |       |       |       |    26 |   187 |    45 ||   258
       Iron Shot         |       |       |       |       |       |    40 ||    40
       Bolt of Magma     |       |       |       |       |       |     3 ||     3
       Summon Mana Viper |       |       |       |       |       |     5 ||     5
Invok: Channel Magic     |       |       |     3 |     5 |     9 |     6 ||    23
Evoke: Wand              |       |       |       |       |     2 |     3 ||     5
  Use: Scroll            |       |     1 |     9 |    10 |    19 |     3 ||    42
       Potion            |       |       |     2 |     3 |    13 |     9 ||    27
 Stab: Sleeping          |     5 |     3 |     5 |     3 |     4 |     2 ||    22
       Distracted        |       |       |     1 |     4 |    13 |     1 ||    19
Armor: Robe              |    32 |    50 |       |    15 |   152 |    34 ||   283
       Leather armour    |       |    25 |    69 |    19 |       |       ||   113
       Swamp dragon scal |       |       |       |    54 |       |       ||    54
Dodge: Dodged            |    78 |   178 |   197 |   238 |   659 |   113 ||  1463
Block: Other             |       |       |       |       |    15 |    29 ||    44
       Reflection        |       |       |       |       |       |     3 ||     3
       Rpst.: Great sword |    18 |    45 |       |       |       |       ||    63

Table legend: (Time is in decaauts)
 A = Elapsed time spent in this place.
 B = Non-inter-level travel time spent in this place.
 C = Inter-level travel time spent in this place.
 D = Time resting spent in this place.
 E = Time spent auto-exploring this place.
 F = Levels seen in this place.
 G = Mean time per level.
                   A        B        C        D        E       F      G
               +--------+--------+--------+--------+--------+-----+--------+
         Total |  41337 |  39666 |   1671 |   4954 |  27487 |  31 | 1333.5 |
       Dungeon |  21829 |  20876 |    953 |   1481 |  15720 |  15 | 1455.3 |
        Temple |     16 |      8 |      8 |      0 |      0 |   1 |   16.0 |
          Lair |   9026 |   8698 |    328 |    574 |   6677 |   6 | 1504.3 |
  Orcish Mines |   2887 |   2597 |    290 |    131 |   1775 |   2 | 1443.5 |
   Elven Halls |   5986 |   5896 |     90 |   2421 |   2599 |   3 | 1995.3 |
         Abyss |    142 |    142 |      0 |      0 |     89 |   1 |  142.0 |
        Bazaar |    126 |    126 |      0 |      0 |     43 |   1 |  126.0 |
        Bailey |    504 |    504 |      0 |    107 |    287 |   1 |  504.0 |
      Gauntlet |    816 |    816 |      0 |    239 |    296 |   1 |  816.0 |
               +--------+--------+--------+--------+--------+-----+--------+

Top non-repeatable levels by time:
    D:10: 3555 daAuts
   Elf:1: 3008 daAuts
   Elf:2: 2657 daAuts
    D:14: 2644 daAuts
  Lair:4: 2113 daAuts
  Lair:6: 2054 daAuts
    D:15: 2004 daAuts
    D:12: 1679 daAuts
  Lair:2: 1631 daAuts
   Orc:1: 1485 daAuts
     D:3: 1446 daAuts
   Orc:2: 1402 daAuts
     D:5: 1350 daAuts
     D:6: 1310 daAuts
     D:9: 1303 daAuts
